 Dungeon Crawl Stone Soup version 0.30-a0-845-g7c6808c8ce (webtiles) character file.

Game seed: 15133462730468870173

362 Querens the Trooper (level 6, 0/48 HPs)
             Began as a Djinni Hedge Wizard on Mar 3, 2023.
             Slain by a centaur (1 damage)
             ... on level 6 of the Dungeon.
             The game lasted 00:10:42 (2038 turns).

Querens the Trooper (Djinni Hedge Wizard)           Turns: 2038, Time: 00:10:43

Health: 0/48       AC:  3    Str:  9    XL:     6   Next: 99%
Gold:   273        EV: 12    Int: 17    God:
                   SH:  0    Dex: 13

rFire   + + .      SeeInvis .    a - +0 dagger
rCold   x . .      Faith    .    (no shield)
rNeg    . . .      Spirit   .    b - +0 robe
rPois   ∞          Reflect  .    j - +0 helmet
rElec   .          Rampage  .    (no cloak)
rCorr   .                        (no gloves)
Will    .....                    (boots unavailable)
Stlth   ++                       q - amulet of regeneration
HPRegen 1.08/turn                (no ring)
MPRegen 0.00/turn                (no ring)

@: flying, very slightly contaminated, hasted, very quick
A: sickness immunity, fire resistance 2, cold vulnerability 1, float, innate
caster, HP casting, extra vitality 1
a: no special abilities


You were on level 6 of the Dungeon.
You visited 1 branch of the dungeon, and saw 4 of its levels.

You collected 273 gold pieces.

Inventory:

Hand Weapons
 a - a +0 dagger (weapon)
 d - a +0 short sword of draining
Armour
 b - a +0 robe (worn)
 c - a +0 hat
 j - a +0 helmet (worn)
 s - a +1 helmet
Jewellery
 q - an amulet of regeneration (around neck)
Scrolls
 h - 2 scrolls of fog {unknown}
 k - a scroll of summoning {unknown}
 l - a scroll of amnesia {unknown}
 m - 4 scrolls of noise {unknown}
 n - a scroll of poison {unknown}
 p - 3 scrolls of identify {unknown}
 r - 3 scrolls of vulnerability {unknown}
 t - a scroll of enchant weapon {unknown}
 u - a scroll of teleportation {unknown}
Potions
 e - a potion of invisibility {unknown}
 f - 2 potions of haste
 g - a potion of curing
 i - a potion of might {unknown}
 o - a potion of degeneration {unknown}


   Skills:
 + Level 4.4 Fighting
 - Level 2.1 Dodging
 - Level 1.5 Stealth
 + Level 4.3 Spellcasting


You knew the following spells:

 Your Spells              Type           Power      Damage    Failure   Level
a - Magic Dart            Conj           72%        1d6       2%          1
b - Slow                  Hex            72%        N/A       2%          1
c - Blink                 Tloc           36%        N/A       4%          2
d - Call Imp              Summ           18%        N/A       4%          2
e - Mephitic Cloud        Conj/Pois/Air  18%        N/A       8%          3
f - Foxfire               Conj/Fire      72%        2x1d7     2%          1
g - Poisonous Vapours     Pois/Air       36%        N/A       4%          2
Your spell library was empty.

Dungeon Overview and Level Annotations

Branches:
Dungeon (3/15)

Altars:
Cheibriados
Elyvilon
Nemelex Xobeh


Innate Abilities, Weirdness & Mutations

You are immune to sickness and miasma.
You are immune to poison.
Your flesh is very heat resistant. (rF++)
You are vulnerable to cold. (rC-)
You float through the air rather than walking.
You learn spells naturally, not from books.
Your magical power is your life essence.
You have superior vitality. (+4 MHP)


Message History

Confirm with . or Enter, or press ? or * to list all spells.
Aiming: Mephitic Cloud (dangerous; 8% risk of failure)
Press: ? - help, Shift-Dir - straight line, f/p - centaur
Aim: a centaur (heavily wounded, chance to affect: 81%)
The ball explodes into a vile cloud!
The stinking cloud engulfs the centaur but does no damage.
The centaur is heavily wounded.
The stinking cloud engulfs you but does no damage.
* * * LOW HITPOINT WARNING * * *
The centaur is engulfed in noxious fumes.
The centaur hits you but does no damage.
The centaur kicks you.
* * * LOW HITPOINT WARNING * * *
Unknown command.
The centaur is engulfed in noxious fumes.
The centaur appears confused.
The centaur hits you.
* * * LOW HITPOINT WARNING * * *
The centaur barely misses you.
You hit the centaur but do no damage.
The centaur is heavily wounded.
The centaur is engulfed in noxious fumes.
The centaur appears confused.
The centaur is engulfed in noxious fumes.
The centaur appears confused.
The centaur laughs crazily.
You strike the helpless centaur from behind!
You hit the centaur.
The centaur is heavily wounded.
The centaur is engulfed in noxious fumes.
The centaur appears confused.
The centaur hits you.
* * * LOW HITPOINT WARNING * * *
The centaur closely misses you.
You catch the helpless centaur completely off-guard!
You puncture the centaur!
The centaur is almost dead.
The centaur hits you.
* * * LOW HITPOINT WARNING * * *
The centaur kicks you.
You die...

#.# .. ##.# #######
#..####.....###
##.##..........##
#))##...........#
#####..##............
#....)##c............
#...#..#@............
#..###...............
#.. ##°.............
#. ##............. #.
##..)......... #
##...........
#.#........
#.##...... #.. #....


You could see a centaur (confused).

Vanquished Creatures
  A phantom (D:3)
  A kobold brigand (D:6)
  A bullfrog (D:6)
  An orc wizard (D:3)
  2 adders (D:3)
  A gnoll (D:1)
  2 worms (D:3)
  3 dart slugs
  6 orcs (D:3)
  10 bats
  5 endoplasms
  2 giant cockroaches (D:3)
  2 goblins
  5 hobgoblins
  A jackal (D:2)
  5 quokkas
  5 ball pythons
  3 frilled lizards
  9 kobolds
  8 rats
73 creatures vanquished.

Vanquished Creatures (collateral kills)
  2 worms (D:2)
  A hobgoblin (D:2)
  2 quokkas (D:2)
5 creatures vanquished.

Vanquished Creatures (others)
  87 foxfires
87 creatures vanquished.

Grand Total: 165 creatures vanquished

Notes
Turn   | Place    | Note
-------+----------+-------------------------------------------
     0 | D:1      | Querens the Djinni Hedge Wizard began the quest for the
                  | Orb.
     0 | D:1      | Querens set off with the following spells memorised: Magic
                  | Dart, Slow, Blink, Call Imp, Mephitic Cloud.
     0 | D:1      | Reached XP level 1. HP: 15/15 MP: 0/0
    45 | D:1      | Reached XP level 2. HP: 4/22 MP: 0/0
    50 | D:1      | Reached skill level 1 in Fighting
   309 | D:1      | Reached XP level 3. HP: 27/27 MP: 0/0
   309 | D:1      | Learned a level 1 spell: Foxfire
   734 | D:2      | Reached XP level 4. HP: 29/33 MP: 0/0
  1475 | D:3      | Noticed a phantom
  1511 | D:3      | Killed a phantom
  1512 | D:3      | Reached XP level 5. HP: 30/40 MP: 0/0
  1512 | D:3      | Learned a level 2 spell: Poisonous Vapours
  1613 | D:3      | Found a snail-covered altar of Cheibriados.
  1706 | D:3      | Found a sparkling altar of Nemelex Xobeh.
  1708 | D:3      | Found a white marble altar of Elyvilon.
  1773 | D:3      | Reached XP level 6. HP: 46/46 MP: 0/0
  1966 | D:3      | You are sucked into a shaft and drop 3 floors!
  2036 | D:6      | HP: 2/48 [centaur (6)]
  2038 | D:6      | Slain by a centaur

Illustrated notes

Levels and vault maps discovered:
D:1:      lemuel_arrival_lava_pool, layout_loops_ring
D:2:      minmay_inner_zag, layout_loops_cross, grunt_decor_arrowhead
D:3:      layout_basic, slow_altar_2, jmf_multi_god_temple
D:6:      layout_cave_pods, enter_ossuary_5

Skill      XL: |  1  2  3  4  5  6 |
---------------+-------------------+-----
Fighting       | 1 2 3 4 |  4.4
Spellcasting   | 3 4 |  4.3
Dodging        | |  2.1
Stealth        | |  1.5

Action                     |  1- 3 |  4- 6 || total
---------------------------+-------+-------++-------
  Melee: Dagger            |    48 |    85 ||   133
   Cast: Magic Dart        |    36 |     8 ||    44
         Foxfire           |    17 |    48 ||    65
         Call Imp          |       |     6 ||     6
         Slow              |       |     4 ||     4
         Blink             |       |     2 ||     2
         Mephitic Cloud    |       |     9 ||     9
    Use: Scroll            |     1 |       ||     1
         Potion            |       |     3 ||     3
   Stab: Sleeping          |     5 |     7 ||    12
         Confused          |       |     4 ||     4
 Armour: Robe              |    17 |    30 ||    47
  Dodge: Dodged            |    79 |    73 ||   152

Table legend: (Time is in decaauts)
 A = Elapsed time spent in this place.
 B = Non-inter-level travel time spent in this place.
 C = Inter-level travel time spent in this place.
 D = Time resting spent in this place.
 E = Time spent auto-exploring this place.
 F = Levels seen in this place.
 G = Mean time per level.
                   A        B        C        D        E       F      G
               +--------+--------+--------+--------+--------+-----+--------+
         Total |   2034 |   1847 |    187 |      0 |      0 |   4 |  508.5 |
       Dungeon |   2034 |   1847 |    187 |      0 |      0 |   4 |  508.5 |
               +--------+--------+--------+--------+--------+-----+--------+

Top non-repeatable levels by time:
     D:2: 805 daAuts
     D:1: 593 daAuts
     D:3: 566 daAuts
     D:6: 68 daAuts
